 Dungeon Crawl Stone Soup version 0.29-a0-559-g359e09b9d1 (webtiles) character file.

Game seed: 3366762698349674844

306 grumblor the Skirmisher (level 6, -1/50 HPs)
             Began as a Mummy Fighter on June 10, 2022.
             Slain by Dowan
             ... wielding a +0 dagger
              (5 damage)
             ... on level 4 of the Dungeon.
             The game lasted 00:05:25 (3876 turns).

grumblor the Skirmisher (Mummy Fighter)             Turns: 3876, Time: 00:05:25

Health: -1/50      AC: 10    Str: 22    XL:     6   Next: 16%
Magic:  6/6        EV:  9    Int:  7    God:
Gold:   169        SH:  4    Dex: 11    Spells: 5/5 levels left

rFire   x . .      SeeInvis .   f - +2 hand axe (freeze)
rCold   + . .      Faith    .   c - +0 buckler
rNeg    + + +      Spirit   .   b - +0 scale mail
rPois   ∞          Reflect  .   (no helmet)
rElec   .          Harm     .   e - +2 cloak {rCorr}
rCorr   +          Rampage  .   (no gloves)
Will    +....                   d - +0 pair of boots
Stlth   ..........              h - amulet of the acrobat
HPRegen 0.16/turn               g - ring of willpower
MPRegen 0.10/turn               (no ring)

@: no status effects
A: cold resistance 1, negative energy resistance 3, torment resistance 2, heat
vulnerability 1, in touch with death 1, no potions
a: no special abilities


You were on level 4 of the Dungeon.
You visited 1 branch of the dungeon, and saw 4 of its levels.

You collected 169 gold pieces.

Inventory:

Hand Weapons
 a - a +1 war axe
 f - a +2 hand axe of freezing (weapon)
Armour
 b - a +0 scale mail (worn)
 c - a +0 buckler (worn)
 d - a +0 pair of boots (worn)
 e - a +2 cloak of preservation (worn)
Jewellery
 g - a ring of willpower (left hand)
 h - an amulet of the acrobat (around neck)
 i - a ring of ice
Wands
 k - a wand of charming (13)
Scrolls
 l - a scroll of identify


   Skills:
 * Level 4.8 Fighting
 + Level 3.9 Axes
 + Level 2.6 Armour
 * Level 0.5 Dodging
 + Level 2.5 Shields
 * Level 0.6 Evocations


You had 5 spell levels left.
You didn't know any spells.
Your spell library contained the following spells:

 Spells                   Type           Power      Damage    Failure   Level
 Blink                    Tloc           0%         N/A       94%         2
 Conjure Flame            Conj/Fire      0%         6-21      99%         3
 Ignite Poison            Fire/Tmut/Pois 0%         N/A       99%         3
 Sticky Flame             Conj/Fire      0%         2d3       100%        4
 Manifold Assault         Tloc           0%         N/A       100%        5
 Storm Form               Tmut/Air       Unusable   N/A       N/A         7

Dungeon Overview and Level Annotations

Branches:
Dungeon (4/15)
 Temple: D:4-7

Altars:

Shops:
D:1 *

Annotations:
D:4 Dowan


Innate Abilities, Weirdness & Mutations

You are immune to poison.
Your flesh is cold resistant. (rC+)
You are immune to negative energy. (rN+++)
You are immune to unholy pain and torment.
You are vulnerable to heat. (rF-)
You are in touch with the powers of death.
You do not drink.


Message History

Dowan says, "Magic and the sword, together, will defeat you."
Dowan gestures at you while chanting.
The puff of frost hits you but does no damage.
You resist. Duvessa hits you with a +0 short sword.
Dowan hits you with a +0 dagger.
You closely miss Duvessa.
Duvessa is severely wounded.
You hit Dowan but do no damage. Duvessa barely misses you. Duvessa misses you.
Dowan hits you but does no damage.
Unknown command.
You hit Duvessa. You freeze Duvessa.
Duvessa is almost dead.
You hit Dowan. You freeze Dowan.
Duvessa gestures with her weapon.
Duvessa hits you with a +0 short sword. Dowan hits you but does no damage.
You block Duvessa's attack.
Unknown command.
You hit Duvessa but do no damage.
Duvessa is almost dead.
You closely miss Dowan. Duvessa hits you with a +0 short sword.
Dowan hits you but does no damage. Duvessa barely misses you.
Unknown command.
You hit Duvessa. You freeze Duvessa.
Duvessa is almost dead.
You closely miss Dowan. Duvessa hits you with a +0 short sword.
Dowan hits you with a +0 dagger.
Unknown command.
You hit Duvessa. You freeze Duvessa.
You kill Duvessa!
Dowan's eyes darken. "You have made a black mistake."
Dowan seems to find hidden reserves of power!
You miss Dowan. Dowan hits you but does no damage.
Dowan points at you and mumbles some strange words.
The shard of ice hits you! You partially resist.
* * * LOW HITPOINT WARNING * * *
You have reached level 6!
You hit Dowan but do no damage.
Dowan is heavily wounded.
Dowan misses you. Dowan hits you with a +0 dagger.
You die...

...#........##
..........###
............#
...........## ..........##
..........# .##.....##
#..##)# #..##e@# #.. #.†##
... #.?†#### ..
.###...##.# ..
...........##
....##.#........# ###
.....####.......####.##
.##....#.##..##....##...##
.............##..........#


You could see Dowan (fast).

Vanquished Creatures
  Duvessa (D:4)
  An orc priest (D:3)
  Natasha (thrice) (D:2)
  3 adders
  2 worms (D:2)
  4 dart slugs
  3 orcs (D:3)
  7 bats
  6 endoplasms
  A giant cockroach (D:3)
  6 goblins
  5 hobgoblins
  6 jackals
  2 quokkas
  2 ball pythons (D:3)
  A frilled lizard (D:1)
  7 kobolds
  8 rats
68 creatures vanquished.

Vanquished Creatures (others)
  6 plants (D:2)
6 creatures vanquished.

Grand Total: 74 creatures vanquished

Notes
Turn   | Place    | Note
-------+----------+-------------------------------------------
     0 | D:1      | grumblor the Mummy Fighter began the quest for the Orb.
     0 | D:1      | Reached XP level 1. HP: 18/18 MP: 1/1
   146 | D:1      | Found Wichuzu's General Store.
   444 | D:1      | Reached XP level 2. HP: 23/24 MP: 2/2
  1739 | D:2      | Gained mutation: You are in touch with the powers of death.
                  | [Mummy growth]
  1739 | D:2      | Reached XP level 3. HP: 29/30 MP: 3/3
  1807 | D:2      | Reached skill level 4 in Fighting
  2086 | D:2      | Found a faded altar of an unknown god.
  2176 | D:2      | Noticed Natasha
  2185 | D:2      | Killed Natasha
  2186 | D:2      | Reached XP level 4. HP: 16/37 MP: 4/4
  2514 | D:2      | Noticed Natasha
  2525 | D:2      | Killed Natasha
  2731 | D:2      | Identified a scroll of acquirement
  2731 | D:2      | Acquired a +2 cloak of preservation
  2907 | D:2      | Noticed Natasha
  2922 | D:2      | Killed Natasha
  2923 | D:2      | Reached XP level 5. HP: 39/43 MP: 5/5
  3853 | D:4      | Noticed Dowan
  3854 | D:4      | Noticed Duvessa
  3875 | D:4      | Killed Duvessa
  3876 | D:4      | Reached XP level 6. HP: 4/50 MP: 6/6
  3876 | D:4      | Slain by Dowan

Illustrated notes

Levels and vault maps discovered:
D:1:      scummos_arrival_hexagon, layout_basic, serial_shops,
          nicolae_shop_waterfront, serial_bayou_pond_d
D:2:      layout_loops_corners, ebering_ecumenical_altar_box,
          serial_bayou_lake_a, uniq_natasha
D:3:      layout_loops_ring
D:4:      kb_forest_paths, layout_cave_pools, uniq_duvessa, uniq_edmund

Skill      XL: |  1  2  3  4 |
---------------+-------------+-----
Axes           | 2 3 |  3.9
Fighting       | 4 |  4.8
Armour         | |  2.6
Dodging        | |  0.5
Shields        | |  2.5
Evocations     | |  0.6

Action                   |  1- 3 |  4- 6 || total
-------------------------+-------+-------++-------
Melee: War axe           |   113 |    65 ||   178
       Hand axe          |       |    29 ||    29
  Use: Scroll            |       |     5 ||     5
Armor: Scale mail        |    66 |    51 ||   117
Dodge: Dodged            |    54 |    57 ||   111
Block: Buckler           |    24 |    15 ||    39

Table legend: (Time is in decaauts)
 A = Elapsed time spent in this place.
 B = Non-inter-level travel time spent in this place.
 C = Inter-level travel time spent in this place.
 D = Time resting spent in this place.
 E = Time spent auto-exploring this place.
 F = Levels seen in this place.
 G = Mean time per level.
                   A        B        C        D        E       F      G
               +--------+--------+--------+--------+--------+-----+--------+
         Total |   3994 |   3914 |     80 |    330 |   3015 |   4 |  998.5 |
       Dungeon |   3994 |   3914 |     80 |    330 |   3015 |   4 |  998.5 |
               +--------+--------+--------+--------+--------+-----+--------+

Top non-repeatable levels by time:
     D:2: 1960 daAuts
     D:1: 1288 daAuts
     D:3: 664 daAuts
     D:4: 81 daAuts
